 Dungeon Crawl Stone Soup version 0.29-a0-923-g6e406bff71 (webtiles) character file.

Game seed: 9104891474463452157

6 Newt the Stinger (level 1, -2/14 HPs)
             Began as a Demonspawn Venom Mage on July 27, 2022.
             Slain by a rat (3 damage)
             ... on level 1 of the Dungeon.
             The game lasted 00:01:19 (78 turns).

Newt the Stinger (Demonspawn Venom Mage)              Turns: 78, Time: 00:01:20

Health: -2/14      AC:  2    Str:  8    XL:     1   Next: 75%
Magic:  0/3        EV: 12    Int: 16    God:
Gold:   0          SH:  0    Dex: 13    Spells: 3/4 levels left

rFire   . . .      SeeInvis .   (no weapon)
rCold   . . .      Faith    .   (no shield)
rNeg    . . .      Spirit   .   a - +0 robe
rPois   .          Reflect  .   (no helmet)
rElec   .          Harm     .   (no cloak)
rCorr   .          Rampage  .   (no gloves)
Will    .....                   (no boots)
Stlth   ++........              (no amulet)
HPRegen 0.04/turn               (no ring)
MPRegen 0.08/turn               (no ring)

@: invisible
A: no striking features
a: no special abilities


You were on level 1 of the Dungeon.
You visited 1 branch of the dungeon, and saw 1 of its levels.

Inventory:

Armour
 a - a +0 robe (worn)
Potions
 b - a potion of magic


   Skills:
 * Level 0.4 Fighting
 + Level 1.7 Dodging
 + Level 1.8 Stealth
 + Level 2.2 Spellcasting
 + Level 0.8 Transmutations
 + Level 3.1 Poison Magic


You had 3 spell levels left.
You knew the following spells:

 Your Spells              Type           Power      Damage    Failure   Level
a - Sting                 Tmut/Pois      32%        1d4       9%          1

Your spell library contained the following spells:

 Spells                   Type           Power      Damage    Failure   Level
 Poisonous Vapours        Pois/Air       12%        N/A       16%         2
 Mephitic Cloud           Conj/Pois/Air  5%         N/A       36%         3
 Olgreb's Toxic Radiance  Pois           11%        N/A       50%         4


Dungeon Overview and Level Annotations

Branches:
Dungeon (1/15)

Altars:


Message History

Found a leather armour.
A rat comes into view.
The jackal splashes around in the water.
You kill the jackal!
Aiming: Sting (safe; 9% risk of failure)
Press: ? - help, Q - select action Shift-Dir - straight line, f - jackal
Aim: a jackal (60% to hit)
The sting hits the jackal but does no damage.
The jackal is poisoned.
You barely miss the rat.
The jackal splashes around in the water.
The rat misses you.
You barely miss the rat. The jackal closely misses you. The rat bites you.
* * * LOW HITPOINT WARNING * * *
A rat comes into view.
The jackal bites you.
* * * LOW HITPOINT WARNING * * *
The rat closely misses you. The rat attacks as you move away!
The rat bites you.
* * * LOW HITPOINT WARNING * * *
It was a potion of invisibility.
You fade into invisibility!
The jackal closely misses you. The rat closely misses you.
You kill the jackal!
A goblin comes into view. It is wielding a +0 dagger.
The rat misses you. The rat barely misses you. The rat barely misses you.
Aiming: Sting (safe; 9% risk of failure)
Press: ? - help, Q - select action Shift-Dir - straight line, f - rat
Aim: a rat (unable to see you, 68% to hit)
The sting hits the rat.
The rat is poisoned.
You kill the rat!
Aiming: Sting (safe; 9% risk of failure)
Press: ? - help, Q - select action Shift-Dir - straight line, f - rat
Aim: a rat (unable to see you, 68% to hit)
The sting hits the rat.
The rat is poisoned.
The rat is heavily wounded.
The rat bites you.
You die...

#### ##r.# ##
#. #g..# .##..
#@##.#.###.
##r#[#.##...#
#..#...#.....
#.#...≈.≈≈...##
#...≈≈≈.≈≈.##.#
##r.≈≈≈≈≈≈.#.##
##..≈≈≈≈.≈...#
##≈≈≈≈≈≈≈≈..#
#..≈≈≈≈≈≈≈≈.#


You could see a goblin (asleep) and 2 rats.

Vanquished Creatures
  4 jackals (D:1)
  A rat (D:1)
5 creatures vanquished.

Notes
Turn   | Place    | Note
-------+----------+-------------------------------------------
     0 | D:1      | Newt the Demonspawn Venom Mage began the quest for the Orb.
     0 | D:1      | Reached XP level 1. HP: 13/13 MP: 3/3
    78 | D:1      | Slain by a rat

Illustrated notes

Levels and vault maps discovered:
D:1:      dpeg_arrival_subterranean_lakeside_camping, layout_loops_corners,
          serial_shops, nicolae_shop_statue_plus, shapermc_ecumenical_altar_gd,
          st_stairs_5

Action                   || total
-------------------------++-------
Melee: Unarmed           ||     9
 Cast: Sting             ||     6
  Use: Potion            ||     1
Armor: Robe              ||     3
Dodge: Dodged            ||    21

Table legend: (Time is in decaauts)
 A = Elapsed time spent in this place.
 B = Non-inter-level travel time spent in this place.
 C = Inter-level travel time spent in this place.
 D = Time resting spent in this place.
 E = Time spent auto-exploring this place.
 F = Levels seen in this place.
 G = Mean time per level.
                   A        B        C        D        E       F      G
               +--------+--------+--------+--------+--------+-----+--------+
         Total |     88 |     88 |      0 |      0 |      9 |   1 |   88.0 |
       Dungeon |     88 |     88 |      0 |      0 |      9 |   1 |   88.0 |
               +--------+--------+--------+--------+--------+-----+--------+

Top non-repeatable levels by time:
     D:1: 88 daAuts
